 Dungeon Crawl Stone Soup version 0.21.1-1-g345015f (webtiles) character file.

33877 xccam the Bludgeoner (level 13, -7/95 HPs)
             Began as a Minotaur Berserker on Feb 10, 2018.
             Was a High Priest of Trog.
             Mangled by a dire elephant (19 damage)
             ... on level 6 of the Lair of Beasts.
             The game lasted 00:41:16 (13004 turns).

xccam the Bludgeoner (Minotaur Berserker)          Turns: 13004, Time: 00:41:17

Health: -7/95      AC: 18    Str: 27    XL:     13   Next: 39%
Magic:  12/12      EV: 16    Int:  5    God:    Trog [*****.]
Gold:   1288       SH:  0    Dex: 13    Spells: 12/12 levels left

rFire    . . .     SeeInvis +   d - +4 dire flail (crush)
rCold    . . .     Gourm    .   (shield currently unavailable)
rNeg     . . .     Faith    .   s - +5 ring mail of Horoaj {Dex+2}
rPois    .         Spirit   .   u - +1 hat of Uskayaw's Displeasure {rCorr}
rElec    .         Reflect  .   x - +1 cloak {MR+}
rCorr    +         Harm     .   (no gloves)
MR       ++...                  e - +0 pair of boots
Stlth    ++........             D - amulet of regeneration
HPRegen  0.65/turn              l - +2 ring of dexterity
MPRegen  0.13/turn              E - ring of see invisible

@: berserk cooldown, slowed, very slow
A: retaliatory headbutt, horns 2, blurry vision 1, magic resistance 1
a: Berserk, Trog's Hand, Brothers in Arms, Burn Spellbooks, Renounce Religion


You were on level 6 of the Lair of Beasts.
You worshipped Trog.
Trog was extremely pleased with you.
You were hungry.

You visited 2 branches of the dungeon, and saw 17 of its levels.

You collected 1288 gold pieces.

Inventory:

Hand Weapons
 d - a +4 dire flail of crushing (weapon)
 t - a +1 great mace of protection
 y - the +1 hand axe "Puaginn" {venom, rN+ MR- Dex+3 SInv}
   (You found it on level 7 of the Dungeon)

   It poisons the flesh of those it strikes.
   It affects your dexterity (+3).
   It protects you from negative energy.
   It affects your resistance to hostile enchantments.
   It lets you see invisible.
 J - a +1 dire flail of protection
Armour
 a - a +2 scale mail of fire resistance
 e - a +0 pair of boots (worn)
 s - the +5 ring mail of Horoaj (worn) {Dex+2}
   (You found it on level 5 of the Dungeon)

   It affects your dexterity (+2).
 u - the +1 hat of Uskayaw's Displeasure (worn) {rCorr}
   (You found it on level 7 of the Dungeon)

   It protects you from acid and corrosion.
 x - a +1 cloak of magic resistance (worn)
 N - the +5 ring mail of the Stag {rC++}
   (You found it on level 5 of the Lair of Beasts)

   It greatly protects you from cold.
Jewellery
 l - a +2 ring of dexterity (left hand)
 A - the ring "Fyrraryggur" {*Tele *Slow Int+2 Dex+10}
   (You took it off an orc priest on level 9 of the Dungeon)

   [ring of teleportation]

   It may teleport you next to monsters.
   It affects your intelligence (+2).
   It affects your dexterity (+10).
   It may slow you when you take damage.
 D - an amulet of regeneration (around neck)
 E - a ring of see invisible (right hand)
 M - an uncursed amulet of harm
Wands
 m - a wand of paralysis (18)
 p - a wand of scattershot (5)
 r - a wand of disintegration (29)
 w - a wand of acid (12)
 B - a wand of digging (10)
 H - a wand of flame (20)
 I - a wand of polymorph (11)
 K - a wand of enslavement (14)
Scrolls
 h - 2 scrolls of fog
 i - 8 scrolls of teleportation
 j - 3 scrolls of remove curse
 k - 16 scrolls of identify
 q - 5 scrolls of magic mapping
 v - a scroll of enchant armour
 F - a scroll of blinking
 L - a scroll of enchant weapon
Potions
 b - 3 potions of brilliance
 f - a potion of might
 g - 3 potions of flight
 n - 5 potions of magic
 o - 3 potions of curing
 z - 2 potions of berserk rage
 C - 2 potions of haste
 G - a potion of heal wounds
Comestibles
 c - 41 rations
 O - 4 chunks of flesh


   Skills:
 - Level 3.6 Fighting
 + Level 18.9 Maces & Flails
 * Level 14.6 Armour
 - Level 9.4 Dodging
 - Level 4.0 Stealth


You had 12 spell levels left.
You didn't know any spells.

Dungeon Overview and Level Annotations

Branches:
Dungeon (11/15)            Temple (0/1) D:4            Lair (6/6) D:10
 Shoals (0/4) Lair:4        Snake (0/4) Lair:3        Slime (0/5) Lair:5
    Orc (0/2) D:10

Altars:
Ashenzari
Cheibriados
Elyvilon
Gozag
Hepliaklqana
Makhleb
Nemelex Xobeh
Okawaru
Qazlal
Uskayaw
Wu Jian
Xom
Zin

Shops:
D:4 *   D:7 }


Innate Abilities, Weirdness & Mutations

You reflexively headbutt those who attack you in melee.
You have a pair of horns on your head.
Scrolls take you a little longer to read.
You are resistant to hostile enchantments. (MR+)


Message History

You feel yourself moving faster!
You feel mighty!
You are feeling hungry.
The dire elephant tramples you!
* * * LOW HITPOINT WARNING * * *
You hold your ground!
The dire elephant trunk-slaps you!
* * * LOW HITPOINT WARNING * * *
The dire elephant tramples you!
* * * LOW HITPOINT WARNING * * *
You hold your ground!
The dire elephant trunk-slaps you.
* * * LOW HITPOINT WARNING * * *
A dire elephant comes into view.
You feel a strong urge to attack something.
The dire elephant trumpets!
There is an open door here.
You feel your anger nearly subside.
You are no longer berserk.
You are exhausted.
You feel yourself slow down. The dire elephant tramples you!!
You die...

#...###≈≈≈.##.#...###.#
#...##≈≈≈≈≈.#.#.#..##..
##..##≈≈≈≈≈≈#.#........
##..##..≈≈≈##.#......PP
#...###Y.P≈#..#.)......
#..####Y####.##.....#..
##..##8.8#...#♣........
##.###.Y.#.###...##..P.
#.####@.##.##...#......
####.'..#..##..........
#...'..#.##♣......P...
#..#####.# ♣......##..
#...#8...# #♣.........
##...'..### #..<......
#...##8.P+ #♣...#...#
##...##### .. #..##


You could see 3 dire elephants.

Vanquished Creatures
  4 hydras
  The ghost of Ratty the Archer, a novice CeBe of Trog (D:7)
  An anaconda (Lair:6)
  The ghost of rlgrobin the Stinger, a novice DsVM of Vehumet (Lair:2)
  Nergalle (Lair:3)
  An unseen horror (D:11)
  A lindwurm (Lair:1)
  An ugly thing (D:11)
  A cyclops (D:11)
  6 black mambas
  Maurice (D:10)
  9 elephants
  A torpor snail (Lair:2)
  Joseph (D:7)
  9 spiny frogs
  A rime drake (Lair:4)
  5 komodo dragons
  3 polar bears
  A queen bee (D:10)
  2 trolls
  A hornet (D:11)
  9 blink frogs
  7 hippogriffs
  16 yaks
  A basilisk (Lair:1)
  A hungry ghost (D:7)
  5 nagas (Lair:3)
  10 porcupines
  4 water moccasins
  A sky beast (D:6)
  3 phantoms
  3 orc warriors
  2 black bears
  An ice beast (D:5)
  A necrophage (D:10)
  5 ogres
  5 wolves (Lair:1)
  7 centaurs
  12 crocodiles
  5 big kobolds
  12 bullfrogs
  2 scorpions
  36 killer bees
  3 wights (D:6)
  A howler monkey (D:6)
  An electric eel (Lair:3)
  4 crimson imps
  2 bullfrog zombies
  Crazy Yiuf (D:7)
  A quasit (D:5)
  12 orc priests
  3 centaur skeletons
  8 hounds
  8 jellies
  2 bullfrog skeletons
  10 orc wizards
  Jessica (D:2)
  6 iguanas
  Terence (D:2)
  7 worker ants
  A hound zombie (D:6)
  A worker ant zombie (D:11)
  7 gnolls
  10 adders
  A shadow imp (D:8)
  10 oozes
  An adder skeleton (D:10)
  2 worms (D:2)
  3 dart slugs (D:1)
  4 leopard geckos
  25 orcs
  A ball python (D:2)
  6 giant cockroaches
  7 goblins
  3 hobgoblins
  12 jackals
  4 quokkas
  A ball python skeleton (D:4)
  4 bats
  4 frilled lizards
  31 kobolds
  2 leopard gecko skeletons
  2 leopard gecko zombies (D:6)
  5 rats (D:1)
  2 plants (Lair:6)
420 creatures vanquished.

Vanquished Creatures (others)
  3 fungi (Lair:6)
  A plant (Lair:3)
4 creatures vanquished.

Grand Total: 424 creatures vanquished

Notes
Turn   | Place    | Note
-------+----------+-------------------------------------------
     0 | D:1      | xccam the Minotaur Berserker began the quest for the Orb.
     0 | D:1      | Reached XP level 1. HP: 19/19 MP: 0/0
    84 | D:1      | Reached skill level 4 in Maces & Flails
    84 | D:1      | Reached XP level 2. HP: 20/26 MP: 1/1
   287 | D:1      | Reached ** piety under Trog
   287 | D:1      | Reached XP level 3. HP: 30/31 MP: 2/2
  1284 | D:2      | Noticed Jessica
  1288 | D:2      | Killed Jessica
  1288 | D:2      | Reached skill level 5 in Maces & Flails
  1288 | D:2      | Reached XP level 4. HP: 34/39 MP: 3/3
  1585 | D:2      | Reached XP level 5. HP: 31/45 MP: 4/4
  1690 | D:2      | Noticed Terence
  1694 | D:2      | Killed Terence
  2084 | D:3      | Found a glowing silver altar of Zin.
  2112 | D:3      | Found a stormy altar of Qazlal.
  2148 | D:3      | Reached skill level 6 in Maces & Flails
  2320 | D:3      | Found an iron altar of Okawaru.
  2658 | D:4      | Reached XP level 6. HP: 17/51 MP: 5/5
  2869 | D:4      | Found a staircase to the Ecumenical Temple.
  2906 | D:4      | Found Duhif's Assorted Antiques.
  2983 | D:4      | Got an ichor-stained leather armour
  2984 | D:4      | Identified the cursed +1 leather armour of Compassion {rElec} (You found it on level 4 of the Dungeon)
  3008 | D:4      | Reached skill level 7 in Maces & Flails
  3069 | D:4      | Reached skill level 5 in Armour
  3177 | D:4      | Reached skill level 1 in Stealth
  3177 | D:4      | Reached XP level 7. HP: 57/57 MP: 6/6
  3228 | D:4      | Reached *** piety under Trog
  3396 | D:5      | Entered Level 5 of the Dungeon
  3439 | D:5      | Found a sparkling altar of Nemelex Xobeh.
  3442 | D:5      | Found a shattered altar of Ashenzari.
  3456 | D:5      | Found a hazy altar of Hepliaklqana.
  3470 | D:5      | Found an ornate altar of the Wu Jian Council.
  3511 | D:5      | Reached skill level 8 in Maces & Flails
  3684 | D:5      | Reached XP level 8. HP: 37/64 MP: 7/7
  3690 | D:5      | Got a scorched ring mail
  3706 | D:5      | Found a white marble altar of Elyvilon.
  3719 | D:5      | Identified the +5 ring mail of Horoaj {Dex+2} (You found it on level 5 of the Dungeon)
  3908 | D:5      | Identified a scroll of acquirement
  4004 | D:6      | Found a hide-covered altar of Uskayaw.
  4116 | D:6      | Reached skill level 9 in Maces & Flails
  4224 | D:6      | Reached skill level 5 in Dodging
  4243 | D:6      | Found a shimmering altar of Xom.
  4262 | D:6      | Found a shimmering altar of Xom.
  4347 | D:6      | Reached skill level 10 in Maces & Flails
  4361 | D:6      | Found a snail-covered altar of Cheibriados.
  4361 | D:6      | Found a burning altar of Makhleb.
  4435 | D:6      | Found a shimmering altar of Xom.
  4435 | D:6      | Found a shimmering altar of Xom.
  4435 | D:6      | Found a shimmering altar of Xom.
  4435 | D:6      | Found a shimmering altar of Xom.
  5004 | D:7      | Noticed Ratty's ghost (novice CeBe)
  5011 | D:7      | Reached XP level 9. HP: 70/70 MP: 8/8
  5018 | D:7      | Killed Ratty's ghost
  5018 | D:7      | Reached skill level 11 in Maces & Flails
  5020 | D:7      | Reached **** piety under Trog
  5127 | D:7      | Found Cishronk's Gadget Shoppe.
  5165 | D:7      | Found a runed door.
  5169 | D:7      | Noticed Crazy Yiuf
  5173 | D:7      | Killed Crazy Yiuf
  5292 | D:7      | Reached skill level 12 in Maces & Flails
  5541 | D:7      | Noticed Joseph
  5573 | D:7      | Killed Joseph
  5584 | D:7      | Got a faintly humming hat
  5590 | D:7      | Identified the +1 hat of Uskayaw's Displeasure {rCorr} (You found it on level 7 of the Dungeon)
  5618 | D:7      | Reached skill level 13 in Maces & Flails
  5630 | D:7      | Got a warped hand axe
  5635 | D:7      | Reached XP level 10. HP: 45/77 MP: 9/9
  5636 | D:7      | Identified the +1 hand axe "Puaginn" {venom, rN+ MR- Dex+3 SInv} (You found it on level 7 of the Dungeon)
  6325 | D:9      | Reached ***** piety under Trog
  6340 | D:9      | Received a gift from Trog
  6367 | D:9      | Reached skill level 14 in Maces & Flails
  6449 | D:9      | Got a faintly glowing granite ring
  6535 | D:9      | Identified the ring "Fyrraryggur" {*Tele *Slow Int+2 Dex+10} (You took it off an orc priest on level 9 of the Dungeon)
  6851 | D:9      | Found an opulent altar of Gozag.
  6981 | D:10     | Entered Level 10 of the Dungeon
  6994 | D:10     | Reached skill level 10 in Armour
  7042 | D:10     | Noticed Maurice
  7049 | D:10     | Killed Maurice
  7073 | D:10     | Found a staircase to the Lair.
  7103 | D:10     | Found a staircase to the Orcish Mines.
  7258 | D:10     | Reached skill level 15 in Maces & Flails
  7281 | D:10     | Reached XP level 11. HP: 75/82 MP: 10/10
  7295 | D:10     | Received a gift from Trog
  7396 | D:10     | Found a snail-covered altar of Cheibriados.
  8171 | D:11     | Paralysed by a hornet for 1 turns
  8599 | D:11     | Killed an unseen horror
  8766 | D:11     | Noticed a white ugly thing
  8772 | D:11     | Killed a white ugly thing
  9093 | Lair:1   | Entered Level 1 of the Lair of Beasts
  9141 | Lair:1   | Reached skill level 16 in Maces & Flails
  9378 | Lair:1   | You fall through a shaft!
  9409 | Lair:1   | Noticed a lindwurm
  9422 | Lair:1   | Killed a lindwurm
  9781 | Lair:2   | Noticed an eight-headed hydra
  9790 | Lair:2   | Killed an eight-headed hydra
  9811 | Lair:2   | Reached XP level 12. HP: 29/90 MP: 11/11
  9844 | Lair:2   | Received a gift from Trog
  9940 | Lair:2   | Gained mutation: Scrolls take you a little longer to read. [potion of mutation]
  9940 | Lair:2   | Gained mutation: You are resistant to hostile enchantments. (MR+) [potion of mutation]
 10248 | Lair:2   | Noticed rlgrobin's ghost (novice DsVM)
 10262 | Lair:2   | Killed rlgrobin's ghost
 10640 | Lair:3   | Reached skill level 17 in Maces & Flails
 10643 | Lair:3   | Noticed a six-headed hydra
 10650 | Lair:3   | Killed a six-headed hydra
 10656 | Lair:3   | Noticed Nergalle
 10668 | Lair:3   | Killed Nergalle
 10784 | Lair:3   | Found a staircase to the Snake Pit.
 11295 | Lair:4   | Noticed a five-headed hydra
 11302 | Lair:4   | Killed a five-headed hydra
 11356 | Lair:4   | Noticed a five-headed hydra
 11362 | Lair:4   | Killed a five-headed hydra
 11472 | Lair:4   | Found a staircase to the Shoals.
 11502 | Lair:4   | Reached skill level 18 in Maces & Flails
 11504 | Lair:4   | Reached XP level 13. HP: 52/95 MP: 12/12
 12339 | Lair:5   | Found a staircase to the Slime Pits.
 12409 | Lair:5   | Got a scorched ring mail
 12420 | Lair:5   | Identified the +5 ring mail of the Stag {rC++} (You found it on level 5 of the Lair of Beasts)
 12557 | Lair:6   | Entered Level 6 of the Lair of Beasts
 12568 | Lair:6   | Received a gift from Trog
 12990 | Lair:6   | Noticed a dire elephant
 12990 | Lair:6   | Noticed a dire elephant
 13000 | Lair:6   | Noticed a dire elephant
 13004 | Lair:6   | Mangled by a dire elephant

Skill      XL: |  1  2  3  4  5  6  7  8  9 10 11 12 |
---------------+-------------------------------------+-----
Maces & Flails | 4 5 6 7 8 10 13 15 16 18 | 18.9
Armour         | 3 4 5 6 8 9 10 12 14 | 14.6
Dodging        | 3 4 5 7 8 9 |  9.4
Stealth        | 1 2 3 4 |  4.0
Fighting       | |  3.6

Action                   |  1- 3 |  4- 6 |  7- 9 | 10-12 | 13-15 || total
-------------------------+-------+-------+-------+-------+-------++-------
Melee: Mace              |    79 |    30 |       |       |       ||   109
       Headbutt          |    14 |    22 |    40 |   155 |    34 ||   265
       Flail             |       |    86 |    57 |       |       ||   143
       Great mace        |       |       |   154 |    81 |       ||   235
       Dire flail        |       |       |       |   570 |   171 ||   741
Invok: Berserk           |     2 |     1 |     4 |     3 |     1 ||    11
       Trog's Hand       |       |     2 |     3 |     5 |       ||    10
       Burn Spellbooks   |       |       |     1 |     7 |       ||     8
Evoke: Wand              |       |       |       |     1 |       ||     1
  Use: Scroll            |     6 |     3 |     3 |     7 |     2 ||    21
       Potion            |     2 |     6 |     3 |     5 |       ||    16
 Stab: Distracted        |       |       |     1 |     2 |       ||     3
       Sleeping          |       |       |       |     8 |     1 ||     9
  Eat: Ration            |     1 |     1 |     1 |     3 |     1 ||     7
       Chunk             |       |     4 |    10 |    13 |     2 ||    29
Armor: Animal skin       |    11 |     3 |       |       |       ||    14
       Scale mail        |       |    29 |    32 |       |       ||    61
       Ring mail         |       |       |    48 |   246 |    44 ||   338
Dodge: Dodged            |    66 |    80 |   145 |   434 |    91 ||   816
